AoeStats
← Entopiic

Arena

509552140Analyzed
2v2 RM · 6d ago on Sep 27, 2026· 47m 33s· 4 players
Game mode
Random Map
Map size
Medium (4 player)
Population
200
Speed
Normal
Resources
Standard
Victory
Conquest
Starting age
Dark Age
Ending age
Imperial Age
RankedLock teamsTeams togetherTeam positionsShared explorationLock speedFull tech treeHidden civsTurbo modeCheats
Victory
Defeat
🇺🇸 Franks · United States
774
+11
🇨🇳 Turks · China
754
+12
🇦🇺 Mongols · Australia
692
-12
🇦🇺 Spanish · Australia
638
-11
Bedgie69
0:28 Loom
14:30 Feudal Age
15:55 Double-Bit Axe
18:26 Castle Age
16:24 Gold Mining
17:05 Stone Mining
25:26 Wheelbarrow
24:36 Town Watch
26:35 Hand Cart
27:29 Gold Shaft Mining
28:04 Scale Barding Armor
28:33 Caravan
28:42 Town Patrol
30:11 Horse Collar
31:40 Chain Barding Armor
31:11 Fletching
31:40 Heavy Plow
32:17 Ballistics
32:27 Fortified Wall
33:01 Bow Saw
34:21 Stone Shaft Mining
35:14 Scale Mail Armor
35:24 Forging
35:09 Bodkin Arrow
35:14 Padded Archer Armor
36:24 Masonry
36:23 Husbandry
36:34 Bloodlines
Entopiic
1:01 Loom
15:57 Feudal Age
17:04 Double-Bit Axe
17:03 Horse Collar
22:21 Castle Age
22:24 Gold Mining
24:23 Bloodlines
24:13 Husbandry
28:42 Bow Saw
29:56 Scale Barding Armor
31:01 Fortified Wall
36:40 Imperial Age
35:53 Wheelbarrow
38:27 Cavalier
39:13 Elite Conquistador
Twelfth
11:02 Feudal Age
12:00 Double-Bit Axe
17:35 Castle Age
16:38 Scale Barding Armor
19:02 Bow Saw
19:23 Forging
19:19 Husbandry
20:44 Fervor
23:02 Stone Mining
23:05 Gold Mining
23:07 Stone Mining
25:32 Wheelbarrow
26:38 Chain Barding Armor
27:04 Hand Cart
27:23 Town Watch
29:24 Iron Casting
29:25 Town Patrol
32:58 Imperial Age
31:39 Gold Shaft Mining
30:55 Light Cavalry
33:07 Scale Mail Armor
33:12 Cavalier
34:33 Plate Barding Armor
34:58 Blast Furnace
37:31 Chain Mail Armor
38:54 Paladin
42:22 Ballistics
43:02 Chemistry
42:00 Murder Holes
42:26 Ballistics
42:13 Siege Engineers
42:19 Heavy Scorpion
45:09 Chemistry
44:45 Elite Throwing Axeman
45:28 Chivalry
Kita
2:59 Loom
12:33 Feudal Age
12:29 Loom
13:20 Horse Collar
13:27 Double-Bit Axe
17:54 Castle Age
17:10 Padded Archer Armor
18:36 Heavy Plow
18:51 Bow Saw
18:59 Gold Mining
20:23 Stone Mining
21:54 Wheelbarrow
21:59 Gold Shaft Mining
26:23 Town Watch
28:43 Caravan
34:37 Imperial Age
33:25 Hand Cart
34:22 Town Patrol
35:36 Ballistics
35:00 Treadmill Crane
35:50 Squires
35:55 Scale Mail Armor
36:14 Leather Archer Armor
36:04 Murder Holes
35:56 Elite Janissary
37:23 Conscription
41:53 Artillery
43:11 Hoardings
48:03 Ring Archer Armor
Connection lost

Rejoining the realm…

Still unreachable

The connection could not be restored.

Session expired

The server has moved on; the page needs a fresh start.